 Dungeon Crawl Stone Soup version 0.30-a0-42-g806c11bf1d (webtiles) character file.

Game seed: 11959806686681438001

41 Destapler the Basher (level 3, -1/25 HPs)
             Began as a Gnoll Wanderer on Aug 30, 2022.
             Slain by a small abomination (20 damage)
             ... on level 1 of the Abyss.
             The game lasted 00:05:50 (1564 turns).

Destapler the Basher (Gnoll Wanderer)               Turns: 1564, Time: 00:05:51

Health: -1/25      AC:  4    Str: 13    XL:     3   Next: 52%
Magic:  5/5        EV: 11    Int:  8    God:
Gold:   95         SH:  0    Dex: 14    Spells: 3/3 levels left

rFire   . . .      SeeInvis .    a - +0 flail
rCold   . . .      Faith    .    (no shield)
rNeg    . . .      Spirit   .    e - +0 leather armour
rPois   .          Reflect  .    (no helmet)
rElec   .          Harm     .    c - +0 cloak
rCorr   .          Rampage  .    (no gloves)
Will    .....                    (no boots)
Stlth   ++........               (no amulet)
HPRegen 0.08/turn                (no ring)
MPRegen 0.09/turn                (no ring)

@: no status effects
A: fangs 1, strong nose, distributed training
a: no special abilities


You were on level 1 of the Abyss.
You visited 1 branch of the dungeon, and saw 2 of its levels.
You visited the Abyss 1 time.

You collected 95 gold pieces.

Inventory:

Hand Weapons
 a - a +0 flail (weapon)
 b - a +0 short sword
Missiles
 d - 6 stones (quivered)
Armour
 c - a +0 cloak (worn)
 e - a +0 leather armour (worn)


   Skills:
 + Level 0.9 Fighting
 + Level 2.6 Short Blades
 + Level 0.9 Long Blades
 + Level 0.9 Axes
 + Level 10.4 Maces & Flails
 + Level 0.9 Polearms
 + Level 0.9 Staves
 + Level 0.9 Ranged Weapons
 + Level 2.6 Throwing
 + Level 0.9 Armour
 + Level 0.9 Dodging
 + Level 4.2 Stealth
 + Level 0.9 Shields
 + Level 0.9 Unarmed Combat
 + Level 0.9 Spellcasting
 + Level 0.6 Conjurations
 + Level 0.6 Hexes
 + Level 0.6 Summonings
 + Level 0.6 Necromancy
 + Level 0.6 Translocations
 + Level 0.6 Transmutations
 + Level 0.6 Fire Magic
 + Level 0.6 Ice Magic
 + Level 0.6 Air Magic
 + Level 0.6 Earth Magic
 + Level 0.6 Poison Magic
 + Level 2.7 Invocations
 + Level 0.9 Evocations


You had 3 spell levels left.
You didn't know any spells.
Your spell library contained the following spells:

 Spells                   Type           Power      Damage    Failure   Level
 Freezing Cloud           Conj/Ice/Air   0%         6-21      100%        5
 Simulacrum               Ice/Necr       0%         N/A       100%        6
 Polar Vortex             Ice            0%         N/A       100%        9


Dungeon Overview and Level Annotations

Branches:
Dungeon (2/15)

Altars:

Annotations:
D:2 Sigmund


Innate Abilities, Weirdness & Mutations

You have very sharp teeth.
Your uncanny sense of smell can sniff out nearby items.
Your experience applies equally to all skills.


Message History

Sigmund gestures at you while chanting.
You are confused.
You throw a stone. You throw a stone.
Sigmund points at you and mumbles some strange words.
You resist with significant effort.
You throw a stone. You throw a stone. The stone closely misses you.
You throw a stone. Sigmund casts a spell at you.
You are more confused.
Sigmund barely misses you.
A red film seems to cover your vision as you go berserk!
You feel yourself moving faster!
You feel mighty! Sigmund barely misses you.
You feel a strong urge to attack something.
You're too confused to move!
Sigmund hits you from afar with a +1 scythe of distortion.
Space warps around you.
You feel your anger nearly subside.
You are no longer berserk.
You are exhausted.
You feel yourself slow down.
You bump into the rock wall.
Sigmund closely misses you.
You're too confused to move!
Sigmund hits you from afar with a +1 scythe of distortion.
* * * LOW HITPOINT WARNING * * *
You blink.
You feel less confused. Sigmund closely misses you.
Sigmund hits you from afar with a +1 scythe of distortion.
* * * LOW HITPOINT WARNING * * *
You are cast into the Abyss!
This branch contains the abyssal rune of Zot.
Found a corrupted altar of Lugonu.
You feel yourself speed up.
You recover from your berserk rage.
A small abomination comes into view.
A small abomination is nearby!
The small abomination hits you!!
Ouch! That really hurt!
You die...

## #.## # #..#
... # #..#
#.######.#. #
#.......#.
.##..###.#####
.............#
.
###.#.#....##.#
...#.@#.##
##..x...# # #
##..#.#.# ....
..... .....
....... ..#....
#.....# . .....
.... . ######
#####


You could see a small abomination.

Vanquished Creatures
  An adder (D:2)
  2 endoplasms
  A giant cockroach (D:1)
  5 hobgoblins
  4 jackals (D:1)
  7 kobolds
  2 quokkas (D:1)
  A ball python (D:2)
  2 bats
  2 goblins
  A rat (D:1)
28 creatures vanquished.

Notes
Turn   | Place    | Note
-------+----------+-------------------------------------------
     0 | D:1      | Reached skill level 10 in Maces & Flails
     0 | D:1      | Destapler the Gnoll Wanderer began the quest for the Orb.
     0 | D:1      | Destapler set off with the following items: a +0 flail, a
                  | +0 short sword, a +0 cloak, a scroll of vulnerability, a +0
                  | leather armour.
     0 | D:1      | Reached XP level 1. HP: 13/13 MP: 2/2
   303 | D:1      | Reached XP level 2. HP: 13/19 MP: 3/3
  1062 | D:1      | Reached XP level 3. HP: 25/25 MP: 4/4
  1092 | D:2      | Noticed Sigmund
  1379 | D:2      | Found a faded altar of an unknown god.
  1434 | Abyss:1  | Found a corrupted altar of Lugonu.
  1434 | Abyss:1  | Cast into level 1 of the Abyss (Sigmund)
  1560 | Abyss:1  | Noticed a small abomination
  1564 | Abyss:1  | Slain by a small abomination

Illustrated notes

Levels and vault maps discovered:
D:1:      minmay_arrival_radiant_lines, layout_loops_ring
D:2:      layout_loops_ring, hellmonk_ecumenical_altar_arch_garden,
          uniq_terence, uniq_sigmund
Abyss:1:  base:
D:1

Skill      XL: | |
---------------+-+-----
Maces & Flails | | 10.4
Fighting       | |  0.9
Short Blades   | |  2.6
Long Blades    | |  0.9
Axes           | |  0.9
Polearms       | |  0.9
Staves         | |  0.9
Ranged Weapons | |  0.9
Throwing       | |  2.6
Armour         | |  0.9
Dodging        | |  0.9
Stealth        | |  4.2
Shields        | |  0.9
Unarmed Combat | |  0.9
Spellcasting   | |  0.9
Conjurations   | |  0.6
Hexes          | |  0.6
Summonings     | |  0.6
Necromancy     | |  0.6
Translocations | |  0.6
Transmutations | |  0.6
Fire Magic     | |  0.6
Ice Magic      | |  0.6
Air Magic      | |  0.6
Earth Magic    | |  0.6
Poison Magic   | |  0.6
Invocations    | |  2.7
Evocations     | |  0.9

Action                   || total
-------------------------++-------
Melee: Flail             ||    83
       Bite              ||     6
Throw: Stone             ||    24
  Use: Scroll            ||     4
       Potion            ||     2
 Stab: Sleeping          ||     5
Armor: Leather armour    ||    25
Dodge: Dodged            ||    44

Table legend: (Time is in decaauts)
 A = Elapsed time spent in this place.
 B = Non-inter-level travel time spent in this place.
 C = Inter-level travel time spent in this place.
 D = Time resting spent in this place.
 E = Time spent auto-exploring this place.
 F = Levels seen in this place.
 G = Mean time per level.
                   A        B        C        D        E       F      G
               +--------+--------+--------+--------+--------+-----+--------+
         Total |   1563 |   1528 |     35 |    148 |   1138 |   3 |  521.0 |
       Dungeon |   1426 |   1391 |     35 |    148 |   1017 |   2 |  713.0 |
         Abyss |    136 |    136 |      0 |      0 |    121 |   1 |  136.0 |
               +--------+--------+--------+--------+--------+-----+--------+

Top non-repeatable levels by time:
     D:1: 1072 daAuts
     D:2: 354 daAuts
 Abyss:1: 136 daAuts
